 Dungeon Crawl Stone Soup version 0.30-a0-1043-g60ff8d5f49 (webtiles) character file.

Game seed: 15364024317303243356

264 DeathPants the Stinger (level 6, -2/49 HPs)
             Began as a Naga Venom Mage on Apr 9, 2023.
             Slain by Blork the orc
             ... wielding a +0 battleaxe
              (5 damage)
             ... on level 4 of the Dungeon.
             The game lasted 00:09:53 (3934 turns).

DeathPants the Stinger (Naga Venom Mage)            Turns: 3934, Time: 00:09:53

Health: -2/49      AC:  4    Str: 13    XL:     6   Next: 19%
Magic:  1/9        EV: 10    Int: 15    God:
Gold:   128        SH:  0    Dex: 17    Spells: 3/9 levels left

rFire   + . .      SeeInvis +    b - +1 quarterstaff
rCold   . . .      Faith    .    (shield currently unavailable)
rNeg    . . .      Spirit   .    g - +0 robe
rPois   +          Reflect  .    e - +0 helmet
rElec   .          Rampage  .    (no cloak)
rCorr   .                        (no gloves)
Will    .....                    (no barding)
Stlth   ++                       (no amulet)
HPRegen 0.28/turn                o - +6 ring of dexterity
MPRegen 0.11/turn                p - ring of protection from fire

@: very slow
A: AC +2, large, see invisible, deformed body, poison resistance, slowness 2,
spit poison 1, naga tail 1
a: Spit Poison


You were on level 4 of the Dungeon.
You visited 1 branch of the dungeon, and saw 5 of its levels.

You collected 128 gold pieces.

Inventory:

Hand Weapons
 a - a +0 hand axe
 b - a +1 quarterstaff (weapon)
 h - a +0 war axe
 u - a +2 dagger of venom
Missiles
 v - 3 boomerangs
Armour
 e - a +0 helmet (worn)
 g - a +0 robe (worn)
 q - a +0 buckler
Jewellery
 n - a ring of ice
 o - a +6 ring of dexterity (left hand)
 p - a ring of protection from fire (right hand)
Scrolls
 d - a scroll of vulnerability
 i - a scroll of teleportation
Potions
 c - 3 potions of brilliance
 f - a potion of lignification
 k - a potion of curing
 l - a potion of magic
 m - a potion of might
 r - a potion of attraction
 t - 2 potions of heal wounds {unknown}
 w - a potion of cancellation {unknown}


   Skills:
 - Level 1.5 Dodging
 - Level 3.0 Stealth
 - Level 2.0 Spellcasting
 + Level 2.3 Conjurations
 - Level 1.0 Transmutations
 - Level 4.0 Air Magic
 - Level 6.0 Poison Magic


You had 3 spell levels left.
You knew the following spells:

 Your Spells              Type           Power      Damage    Failure   Level
a - Sting                 Tmut/Pois      48%        1d5       5%          1
b - Poisonous Vapours     Pois/Air       32%        N/A       4%          2
c - Mephitic Cloud        Conj/Pois/Air  13%        N/A       12%         3

Your spell library contained the following spells:

 Spells                   Type           Power      Damage    Failure   Level
 Static Discharge         Conj/Air       22%        2-3/arc   9%          2
 Freeze                   Ice            4%         1d3       22%         1
 Hailstorm                Conj/Ice       5%         3d4       38%         3
 Frozen Ramparts          Ice            2%         1d1       54%         3
 Olgreb's Toxic Radiance  Pois           19%        N/A       19%         4
 Airstrike                Air            6%         2d(1-17)  38%         4
 Summon Lightning Spire   Summ/Air       7%         N/A       67%         4


Dungeon Overview and Level Annotations

Branches:
Dungeon (5/15)
 Temple: D:4-7

Altars:
Ru
Wu Jian

Shops:
D:3 (

Annotations:
D:4 Blork the orc


Innate Abilities, Weirdness & Mutations

Your serpentine skin is tough. (AC +2)
You have supernaturally acute eyesight. (SInv)
Armour fits poorly on your strangely shaped body.
Your system is resistant to poisons. (rPois)
You cover ground very slowly.
You can spit poison.
You have a snake-like lower body.


Message History

You aren't carrying any items that you can evoke.
Throw: 3 boomerangs
Press: ? - help, Shift-Dir - straight line, f/p - Blork the orc
Aim: Blork the orc, wielding a +0 battleaxe and wearing a +0 robe (severely wounded, fast, unusually resistant, very poisoned, 63% to hit)
You throw a boomerang.
The boomerang hits Blork the orc but does no damage.
Blork the orc is severely wounded.
Throw: 3 boomerangs
Press: ? - help, Shift-Dir - straight line, f/p - Blork the orc
Aim: Blork the orc, wielding a +0 battleaxe and wearing a +0 robe (severely wounded, fast, unusually resistant, very poisoned, 63% to hit)
You throw a boomerang.
The boomerang closely misses Blork the orc.
Blork the orc casts a spell at you. The magic dart hits you.
Aiming: Sting (safe; 5% risk of failure)
Press: ? - help, Q - select action, (/) - cycle Shift-Dir - straight line, f/p - Blork the orc
Aim: Blork the orc, wielding a +0 battleaxe and wearing a +0 robe (severely wounded, fast, unusually resistant, very poisoned, 75% to hit)
The sting hits Blork the orc but does no damage.
Blork the orc looks even sicker.
Blork the orc is severely wounded.
You hit Blork the orc.
Blork the orc is severely wounded.
Blork the orc points at you and mumbles some strange words.
The puff of flame hits you. You resist.
Blork the orc points at you and mumbles some strange words.
The puff of frost hits you!
* * * LOW HITPOINT WARNING * * *
You hit Blork the orc.
Blork the orc is almost dead.
Blork the orc closely misses you.
Blork the orc hits you with a +0 battleaxe.
* * * LOW HITPOINT WARNING * * *
Aiming: Sting (safe; 5% risk of failure)
Press: ? - help, Q - select action, (/) - cycle Shift-Dir - straight line, f/p - Blork the orc
Aim: Blork the orc, wielding a +0 battleaxe and wearing a +0 robe (almost dead, fast, unusually resistant, very poisoned, 75% to hit)
The sting misses Blork the orc.
Blork the orc hits you with a +0 battleaxe.
* * * LOW HITPOINT WARNING * * *
Blork the orc hits you with a +0 battleaxe.
You die...

.#.....♣.....# .#..<.....<..#
.#.....♣.....# .#...........#
.##..♣...♣..## ##+
..##.......## ....
####........## .....
####.........##########......
.....#######....@o...........
####.........#########.......
.....#.###.#.# .#.....
####.#.....#.# ## ....
...#.#.._..#.# ...
#.##.#.....#.### ..
#.##.#.###.#...# !
#.##.........#.#
#.##.#######.#.###.#


You could see Blork the orc (fast, resistant, very poisoned).

Vanquished Creatures
  A phantom (D:4)
  A hound (D:4)
  3 iguanas
  An adder (D:4)
  An ufetubus (D:4)
  3 dart slugs
  4 orcs
  A ball python (D:1)
  7 endoplasms
  6 giant cockroaches
  8 hobgoblins
  2 quokkas
  3 bats
  2 frilled lizards
  8 kobolds
  5 rats
56 creatures vanquished.

Notes
Turn   | Place    | Note
-------+----------+-------------------------------------------
     0 | D:1      | DeathPants the Naga Venom Mage began the quest for the Orb.
     0 | D:1      | Reached XP level 1. HP: 15/15 MP: 3/3
   219 | D:1      | Reached XP level 2. HP: 22/22 MP: 3/5
   230 | D:1      | Learned a level 2 spell: Poisonous Vapours
   363 | D:1      | Reached skill level 5 in Poison Magic
   893 | D:1      | Reached XP level 3. HP: 28/28 MP: 3/6
  1413 | D:2      | Learned a level 3 spell: Mephitic Cloud
  2124 | D:3      | Reached skill level 6 in Poison Magic
  2422 | D:3      | Found an ornate altar of the Wu Jian Council.
  2939 | D:3      | Found Gihobrio's Weapon Boutique.
  2968 | D:3      | Reached XP level 4. HP: 13/36 MP: 2/7
  3197 | D:5      | Entered Level 5 of the Dungeon
  3208 | D:4      | Reached XP level 5. HP: 41/42 MP: 4/8
  3353 | D:4      | Found a sacrificial altar of Ru.
  3661 | D:4      | Noticed a phantom
  3680 | D:4      | Killed a phantom
  3681 | D:4      | Reached XP level 6. HP: 17/49 MP: 9/9
  3919 | D:4      | Noticed Blork the orc
  3934 | D:4      | Slain by Blork the orc

Illustrated notes

Levels and vault maps discovered:
D:1:      kennysheep_arrival_seaside, layout_basic
D:2:      layout_rooms
D:3:      layout_basic, nzn_wu_jian_contemplation, serial_shops,
          nicolae_shop_bloodbath_and_beyond, nicolae_kite_square_tiling_tiny,
          st_stairs_6
D:4:      layout_basic, mainiacjoe_overflow_cross_hatched, grunt_ministairs_10,
          uniq_blork_the_orc
D:5:      layout_loops_corners

Skill      XL: |  1  2  3  4  5 |
---------------+----------------+-----
Poison Magic   | 5 6 |  6.0
Air Magic      | 2 4 |  4.0
Conjurations   | 2 |  2.3
Dodging        | |  1.5
Stealth        | |  3.0
Spellcasting   | |  2.0
Transmutations | |  1.0

Action                     |  1- 3 |  4- 6 || total
---------------------------+-------+-------++-------
  Melee: Hand axe          |    13 |       ||    13
         Punch             |     1 |       ||     1
         Quarterstaff      |    33 |    33 ||    66
         Dagger            |       |     4 ||     4
  Throw: Boomerang         |       |     2 ||     2
   Cast: Sting             |    61 |    24 ||    85
         Poisonous Vapours |       |     9 ||     9
Ability: Spit Poison       |       |     1 ||     1
    Use: Scroll            |     1 |     6 ||     7
         Potion            |       |     2 ||     2
   Stab: Sleeping          |     1 |       ||     1
 Armour: Robe              |    22 |    16 ||    38
  Dodge: Dodged            |    29 |    46 ||    75

Table legend: (Time is in decaauts)
 A = Elapsed time spent in this place.
 B = Non-inter-level travel time spent in this place.
 C = Inter-level travel time spent in this place.
 D = Time resting spent in this place.
 E = Time spent auto-exploring this place.
 F = Levels seen in this place.
 G = Mean time per level.
                   A        B        C        D        E       F      G
               +--------+--------+--------+--------+--------+-----+--------+
         Total |   4945 |   4761 |    184 |    503 |   3363 |   5 |  989.0 |
       Dungeon |   4945 |   4761 |    184 |    503 |   3363 |   5 |  989.0 |
               +--------+--------+--------+--------+--------+-----+--------+

Top non-repeatable levels by time:
     D:1: 1572 daAuts
     D:3: 1499 daAuts
     D:4: 1003 daAuts
     D:2: 865 daAuts
     D:5: 3 daAuts
